 Dungeon Crawl Stone Soup version 0.21.1-1-g345015fe64 (webtiles) character file.

81 BirdOfPrey the Magician (level 4, -4/27 HPs)
             Began as a Deep Elf Wizard on May 4, 2018.
             Killed from afar by an orc wizard (6 damage)
             ... with a magic dart
             ... on level 2 of the Dungeon.
             The game lasted 00:11:19 (2112 turns).

BirdOfPrey the Magician (Deep Elf Wizard)           Turns: 2112, Time: 00:11:19

Health: -4/27      AC:  2    Str:  4    XL:     4   Next: 20%
Magic:  4/12       EV: 17    Int: 24    God:
Gold:   64         SH:  0    Dex: 13    Spells: 1/12 levels left

rFire    + . .     SeeInvis .   n - +0 dagger (venom)
rCold    . . .     Gourm    .   (no shield)
rNeg     . . .     Faith    .   a - +0 robe
rPois    .         Spirit   .   b - +0 hat
rElec    .         Reflect  .   (no cloak)
rCorr    .         Harm     .   (no gloves)
MR       .....                  (no boots)
Stlth    ++........             (no amulet)
HPRegen  0.09/turn              h - +4 ring of evasion
MPRegen  0.13/turn              k - ring of protection from fire

@: slowed, very slow
A: no striking features
a: no special abilities


You were on level 2 of the Dungeon.
You were hungry.

You visited 1 branch of the dungeon, and saw 3 of its levels.

You collected 64 gold pieces.

Inventory:

Hand Weapons
 n - a +0 dagger of venom (weapon)
Armour
 a - a +0 robe (worn)
 b - a +0 hat (worn)
Jewellery
 h - a +4 ring of evasion (left hand)
 k - a ring of protection from fire (right hand)
Scrolls
 e - 2 scrolls of fear {unknown}
 f - 2 scrolls of identify {unknown}
 j - a scroll of enchant armour {unknown}
 m - a scroll of teleportation {unknown}
 o - 2 scrolls of remove curse {unknown}
 r - a scroll of amnesia {unknown}
 s - a scroll of noise {unknown}
 t - a scroll of blinking {unknown}
Potions
 g - 2 potions of haste {unknown}
 i - 2 potions of lignification {unknown}
 l - 4 potions of curing {unknown}
 q - 2 potions of ambrosia {unknown}
 u - a potion of might {unknown}
 v - 2 potions of degeneration {unknown}
Books
 c - a book of Minor Magic

   Spells                             Type                      Level
   a - Magic Dart                     Conjuration                  1
   b - Blink                          Translocation                2
   c - Call Imp                       Summoning                    2
   d - Slow                           Hexes                        2
   e - Conjure Flame                  Conjuration/Fire             3
   f - Mephitic Cloud                 Conjuration/Poison/Air       3
 p - a book of the Dragon

   Spells                             Type                      Level
   a - Flame Tongue                   Conjuration/Fire             1
   b - Cause Fear                     Hexes                        4
   c - Bolt of Fire                   Conjuration/Fire             6
   d - Dragon Form                    Transmutation                7
   e - Dragon's Call                  Summoning                    9
Comestibles
 d - 3 rations


   Skills:
 * Level 2.6 Fighting
 - Level 2.4 Dodging
 - Level 2.4 Stealth
 + Level 4.7 Spellcasting
 + Level 1.6 Conjurations
 - Level 1.1 Summonings
 - Level 1.1 Translocations
 + Level 1.0 Fire Magic


You had one spell level left.
You knew the following spells:

 Your Spells              Type           Power        Failure   Level  Hunger
a - Magic Dart            Conj           ##..         4%          1    None
b - Blink                 Tloc           N/A          9%          2    None
c - Call Imp              Summ           ##......     9%          2    None
d - Conjure Flame         Conj/Fire      ##......     16%         3    ##.....
e - Mephitic Cloud        Conj/Pois/Air  #.......     22%         3    ##.....


Dungeon Overview and Level Annotations

Branches:
Dungeon (3/15)

Altars:
Gozag


Message History

Aim: an orc wizard, wielding a dagger and wearing a robe (moderately wounded, fast)
The magic dart hits the orc wizard.
The orc wizard is heavily wounded.
The orc wizard gestures at you while chanting.
The magic dart hits you! The orc wizard hits you with a dagger.
* * * LOW HITPOINT WARNING * * *
The orc wizard points at you and mumbles some strange words.
The magic dart hits you!
* * * LOW HITPOINT WARNING * * *
Casting: Magic Dart
Confirm with . or Enter, or press ? or * to list all spells.
You blink.
The orc wizard casts a spell.
The orc wizard blinks!
Casting: Blink
Confirm with . or Enter, or press ? or * to list all spells.
You blink.
The orc wizard gestures at you while chanting.
The magic dart hits you!
You die...

#.##.##.###...>...≈≈.≈.##.#..P≈
#.##.###...#####.P≈≈.≈≈##.#...P
###.##.#
##.######≈≈PP.≈≈♣#.#)###
≈≈..##.# #.....##♣o≈≈.≈≈≈♣.#.#
≈≈P...># ##.#.#.#≈PPP.≈≈≈♣.#.#
♣≈P≈#### #.......≈≈≈P.≈≈≈♣.#.#
♣≈≈PP# #..#.#..♣≈≈≈.≈≈≈≈.#.#
♣PP.P# #.#....##♣♣≈.≈PP♣.#.###
♣≈≈P.# #.##<#@##♣♣≈.≈≈♣#....#Y
♣≈P.## #.##.#.##≈♣≈.P≈≈#..#...
≈≈≈## #.##.....♣♣≈.≈≈♣##...#.
≈P≈# #.####.##♣≈≈.≈≈≈♣##.#≈P
P..# #.# #.# ♣≈≈.≈≈≈♣♣#>♣♣≈
##.# #.# #.# ♣≈≈.≈≈≈♣♣≈♣♣♣≈
...# #<# #.# ♣≈P.≈≈≈♣♣♣♣♣♣≈
#.#########.# #.#
♣♣P.≈≈≈≈♣♣♣≈≈≈ .........##.#
#.# #≈P.≈≈PP≈P≈≈≈≈


You could see an orc wizard.

Vanquished Creatures
  3 adders (D:2)
  An ooze (D:2)
  A worm (D:2)
  2 dart slugs (D:2)
  2 leopard geckos
  5 giant cockroaches
  5 goblins
  5 hobgoblins
  7 bats
  A frilled lizard (D:2)
  4 kobolds
  6 rats
42 creatures vanquished.

Notes
Turn   | Place    | Note
-------+----------+-------------------------------------------
     0 | D:1      | BirdOfPrey the Deep Elf Wizard began the quest for the Orb.
     0 | D:1      | Reached XP level 1. HP: 10/10 MP: 7/7
   135 | D:1      | Reached skill level 1 in Fighting
   288 | D:1      | Reached XP level 2. HP: 12/16 MP: 7/9
   292 | D:1      | Learned a level 2 spell: Blink
   295 | D:1      | Learned a level 2 spell: Call Imp
   841 | D:2      | Reached XP level 3. HP: 12/21 MP: 1/10
   846 | D:2      | Learned a level 3 spell: Conjure Flame
   943 | D:2      | Noticed an ice beast
  1433 | D:2      | Reached XP level 4. HP: 22/27 MP: 5/12
  1441 | D:2      | Learned a level 3 spell: Mephitic Cloud
  1512 | D:2      | Found an opulent altar of Gozag.
  1538 | D:2      | Reached skill level 1 in Fire Magic
  2108 | D:2      | HP: 1/27 [orc wizard/magic dart (5)]
  2112 | D:2      | Killed from afar by an orc wizard

Skill      XL: |  1  2  3  4 |
---------------+-------------+-----
Fighting       | 1 2 |  2.6
Fire Magic     | 1 |  1.0
Dodging        | |  2.4
Stealth        | |  2.4
Spellcasting   | |  4.7
Conjurations   | |  1.6
Summonings     | |  1.1
Translocations | |  1.1

Action                   |  1- 3 |  4- 6 || total
-------------------------+-------+-------++-------
Melee: Short sword       |     2 |       ||     2
       Dagger            |    32 |     3 ||    35
 Cast: Magic Dart        |    75 |    28 ||   103
       Call Imp          |     2 |       ||     2
       Conjure Flame     |     1 |     3 ||     4
       Blink             |       |     2 ||     2
 Stab: Sleeping          |     5 |     1 ||     6
  Eat: Chunk             |     1 |     2 ||     3
Armor: Robe              |    11 |     2 ||    13
Dodge: Dodged            |    52 |    15 ||    67
